Map: Nightshade LE

Players

BewwyCwuncH - Winner!

  • Race: Terran Terran
  • League: Grandmaster
  • Spawn Location: 5:00

mOrriSsey

  • Race: Protoss Protoss
  • League: Master
  • Spawn Location: 11:00

VOD

Have the link to the VOD?

Description

Time

  • Played on: Feb. 3, 2020, 4 a.m.
  • Length: 15:13
Show
View Real Time Build Order
Export as new Build Order

BewwyCwuncH Terran - Winner!

Build Orders: Gas First Reaper Expand, Cyclone Timing 

Get SALT Encoding   

  12  0:01  SCV  
  13  0:13  SCV  
  14  0:17  Supply Depot  
  14  0:29  SCV  
  14  0:32  Refinery  
  15  0:41  SCV  
  16  0:44  Barracks  
  16  0:54  SCV  
  17  1:06  SCV  
  18  1:18  SCV  
  19  1:31  Reaper, Orbital Command  
  20  1:44  Command Center  
  20  1:55  Factory  
  20  1:58  SCV  
  21  2:09  Barracks Reactor  
  21  2:10  SCV  
  21  2:15  Supply Depot  
  22  2:18  Refinery  
  23  2:22  SCV  
  23  2:36  SCV  
  24  2:45  Starport  
  24  2:46  Marine  
  24  2:47  Marine  
  24  2:49  SCV  
  24  2:51  Factory Tech Lab  
  27  2:58  Orbital Command  
  27  3:01  SCV  
  27  3:04  Marine x2  
  30  3:09  Cyclone  
  33  3:14  SCV  
  34  3:20  Supply Depot  
  34  3:25  Marine x2  
  36  3:33  Medivac  
  38  3:35  SCV  
  38  3:40  SCV  
  39  3:42  Marine x2  
  39  3:45  Cyclone  
  44  3:49  SCV  
  44  3:52  SCV  
  44  3:53  Supply Depot  
  46  4:00  Marine x2  
  46  4:01  SCV  
  49  4:04  SCV  
  49  4:09  Viking, Supply Depot  
  52  4:13  SCV  
  52  4:16  SCV  
  54  4:18  Marine x2  
  54  4:22  Cyclone  
  59  4:27  SCV  
  59  4:28  SCV  
  61  4:36  Marine  
  62  4:40  SCV x2  
  62  4:43  Marine  
  63  4:52  SCV x2  
  65  4:54  Marine, Siege Tank  
  65  4:55  Barracks  
  65  4:56  Barracks  
  69  5:01  Marine  
  69  5:04  SCV  
  69  5:05  SCV  
  70  5:13  Viking  
  70  5:17  SCV x2  
  64  5:23  Marine  
  60  5:41  Marine x2  
  55  5:43  SCV, Barracks Tech Lab  
  55  5:44  Barracks Tech Lab  
  55  5:47  Command Center  
  54  5:52  Siege Tank  
  54  5:53  SCV  
  54  5:55  SCV  
  59  5:59  Marine x2  
  59  6:03  Stimpack  
  59  6:04  Marauder  
  63  6:05  Marauder  
  63  6:06  SCV  
  63  6:07  SCV  
  63  6:10  Refinery  
  67  6:11  Refinery  
  67  6:16  Marine  
  68  6:19  SCV x2  
  70  6:29  Starport Reactor  
  70  6:32  Supply Depot  
  70  6:33  Supply Depot  
  70  6:35  Supply Depot  
  70  6:37  Barracks  
  70  6:39  Barracks  
  70  6:50  Supply Depot  
  70  6:54  SCV x2, Marine x3, Siege Tank  
  70  6:55  Engineering Bay, Marauder  
  70  6:57  Engineering Bay  
  80  7:02  Orbital Command  
  80  7:06  SCV x2  
  82  7:10  Combat Shield  
  82  7:12  Marine  
  82  7:13  Medivac x2  
  87  7:16  Marauder  
  87  7:18  SCV x2  
  91  7:26  Orbital Command  
  91  7:28  Barracks Reactor, Barracks Tech Lab  
  91  7:30  SCV x2  
  93  7:37  Marauder  
  93  7:38  Marauder, Marine x2  
  93  7:39  Factory Reactor  
  93  7:42  Concussive Shells, SCV  
  93  7:43  SCV  
  101  7:49  Supply Depot x2  
  101  7:55  SCV  
  101  7:56  SCV  
  94  8:07  SCV  
  87  8:21  Medivac x2, Marauder x2, Marine x3  
  87  8:22  SCV x3  
  101  8:27  Terran Infantry Weapons Level 1  
  101  8:29  Barracks  
  101  8:30  Barracks  
  101  8:31  Barracks  
  101  8:35  Marauder  
  97  8:42  Marauder, Marine x3  
  97  8:43  SCV x2  
  104  8:49  Marauder, Marine  
  104  8:51  Medivac x2  
  113  8:56  Widow Mine x2  
  113  8:57  Marauder  
  113  9:00  Marine x3  
  117  9:04  Marauder  
  117  9:07  Marine  
  120  9:10  Marine  
  123  9:17  Widow Mine x2, Marine  
  123  9:18  Marauder, Marine x2  
  123  9:21  Barracks Reactor, Marauder  
  132  9:24  Barracks Tech Lab  
  132  9:27  Refinery  
  132  9:28  Refinery  
  132  9:33  Supply Depot x2  
  132  9:34  Supply Depot, Terran Infantry Armor Level 1  
  132  9:36  Command Center  
  132  9:46  Supply Depot  
  132  9:47  Supply Depot  
  132  9:54  Liberator x2  
  132  9:55  Marauder, Widow Mine x2  
  140  10:12  Marauder, Marine x3  
  140  10:13  Marauder x2, Marine  
  145  10:14  Armory  
  143  10:30  Fusion Core  
  143  10:31  Command Center, Starport  
  143  10:32  SCV x2  
  143  10:34  Factory Reactor  
  144  10:37  Medivac x2  
  144  10:45  SCV x3  
  142  10:57  SCV  
  142  10:59  Marine x2  
  142  11:00  Marauder x2  
  142  11:01  Marauder, Marine x2  
  142  11:03  SCV x2  
  155  11:06  Refinery  
  155  11:07  SCV, Refinery, Liberator x2  
  162  11:20  SCV, Planetary Fortress  
  162  11:21  SCV  
  139  11:39  Marauder, Marine x2  
  137  11:40  Marauder x4, Marine  
  140  11:47  Marine x3  
  140  11:49  SCV x3  
  140  11:50  Medivac, Liberator  
  140  11:57  Marine x3  
  140  11:59  Terran Infantry Armor Level 2  
  140  12:01  SCV, Marauder x5  
  139  12:03  SCV  
  139  12:05  Marine  
  139  12:06  SCV x2  
  146  12:11  Terran Ship Weapons Level 1  
  146  12:12  Terran Infantry Weapons Level 2  
  146  12:13  Marine x2  
  148  12:19  Widow Mine x2, Marine x2  
  148  12:22  Marauder x3  
  160  12:24  Liberator  
  160  12:25  Liberator  
  166  12:35  Liberator  
  166  12:37  Marauder, Marine  
  169  12:38  Command Center  
  169  12:42  Ghost Academy  
  172  12:47  Marauder, Marine  
  172  12:48  Widow Mine x2  
  172  12:50  Supply Depot x2  
  165  13:12  Marauder x2  
  152  13:23  Marauder  
  152  13:24  Marine x2  
  152  13:25  Marine  
  156  13:32  Widow Mine  
  156  13:33  Marauder, Widow Mine, Marine x2  
  163  13:37  Command Center  
  163  13:41  Marine  
  163  13:42  Marine x2, Liberator x3  
  163  13:43  Command Center  
  179  13:58  Marine  
  179  13:59  Marine x2  
  179  14:02  Command Center  
  182  14:12  Refinery  
  182  14:14  Unknown x4, Missile Turret x2  
  182  14:15  Missile Turret  
  182  14:16  Missile Turret, Refinery  
  186  14:21  Marine x2  
  186  14:22  Unknown  
  192  14:32  Planetary Fortress  
  192  14:42  Unknown x2  
  178  14:49  Unknown x2  
Show
View Real Time Build Order
Export as new Build Order

mOrriSsey Protoss 

Build Orders: 1 Gate Expand 

Get SALT Encoding   

  12  0:01  Probe  
  13  0:13  Probe  
  14  0:18  Pylon  
  14  0:25  Probe (Chrono Boost)  
  15  0:37  Probe (Chrono Boost), Gateway  
  16  0:44  Probe (Chrono Boost)  
  16  0:47  Assimilator  
  17  0:52  Probe  
  18  1:04  Probe  
  19  1:16  Probe  
  20  1:26  Nexus  
  21  1:37  Cybernetics Core  
  20  1:49  Assimilator  
  20  1:52  Probe  
  21  1:57  Pylon  
  21  2:04  Probe  
  22  2:12  Adept (Chrono Boost)  
  22  2:15  Warp Gate  
  24  2:16  Probe (Chrono Boost)  
  25  2:27  Probe (Chrono Boost)  
  26  2:32  Probe (Chrono Boost)  
  26  2:35  Stalker  
  29  2:38  Robotics Facility  
  29  2:39  Probe  
  29  2:43  Probe  
  31  2:59  Probe  
  31  3:05  Stalker  
  34  3:06  Gateway  
  34  3:08  Gateway  
  34  3:11  Probe (Chrono Boost)  
  35  3:14  Probe (Chrono Boost)  
  36  3:24  Probe (Chrono Boost)  
  36  3:26  Probe, Observer  
  39  3:39  Probe (Chrono Boost)  
  41  3:45  Probe (Chrono Boost)  
  41  3:50  Probe (Chrono Boost), Observer  
  41  3:55  Probe x2 (Chrono Boost)  
  44  4:00  Shield Battery  
  43  4:03  Stalker  
  43  4:04  Probe  
  43  4:07  Pylon  
  46  4:11  Pylon  
  46  4:25  Probe x2, Immortal  
  52  4:33  Stalker x3  
  52  4:37  Probe  
  53  4:57  Stalker x3  
  57  5:17  Probe x2  
  51  5:23  Stalker  
  51  5:24  Stalker x2  
  54  5:29  Probe x2  
  52  5:42  Probe x2  
  50  5:49  Robotics Bay  
  50  5:52  Stalker, Forge  
  50  5:54  Gateway  
  50  5:56  Gateway  
  54  5:57  Nexus  
  54  6:00  Probe, Gateway  
  54  6:01  Assimilator  
  54  6:03  Assimilator  
  53  6:06  Sentry  
  53  6:07  Zealot  
  57  6:18  Probe (Chrono Boost)  
  59  6:21  Probe (Chrono Boost)  
  59  6:30  Probe (Chrono Boost)  
  61  6:33  Probe (Chrono Boost)  
  61  6:34  Probe (Chrono Boost)  
  61  6:38  Protoss Ground Weapons Level 1 (Chrono Boost)  
  62  6:41  Pylon  
  62  6:42  Pylon  
  62  6:44  Pylon  
  62  6:49  Pylon  
  62  6:51  Pylon  
  62  6:59  Probe x2, Disruptor (Chrono Boost)  
  62  7:00  Zealot x5  
  77  7:10  Pylon  
  77  7:11  Probe x2  
  79  7:16  Twilight Council, Probe  
  80  7:23  Probe x2  
  83  7:32  Nexus  
  83  7:37  Pylon  
  81  7:44  Zealot x6  
  92  7:56  Probe x2  
  94  8:03  Colossus (Chrono Boost)  
  92  8:06  Charge (Chrono Boost)  
  92  8:08  Probe x2  
  97  8:20  Probe x2  
  99  8:32  Probe  
  99  8:33  Probe  
  100  8:41  Stalker  
  102  8:42  Colossus (Chrono Boost)  
  102  8:43  Pylon  
  102  8:44  Probe  
  102  8:45  Probe  
  102  8:47  Pylon  
  110  8:49  Pylon  
  105  9:04  Probe x3  
  105  9:08  Stalker x2  
  112  9:16  Probe  
  113  9:28  Probe x3, Pylon  
  116  9:35  Forge  
  116  9:41  Blink (Chrono Boost)  
  116  9:42  Pylon, Colossus (Chrono Boost)  
  116  9:43  Assimilator  
  116  9:49  Assimilator  
  122  9:53  Zealot  
  122  9:57  Pylon  
  122  9:59  Pylon  
  123  10:04  Zealot  
  123  10:05  Zealot x4  
  130  10:17  Forge x2  
  130  10:26  Probe  
  130  10:27  Probe x2  
  133  10:32  Pylon  
  133  10:36  Pylon, Nexus  
  124  10:52  Zealot x3  
  128  11:05  Probe x3  
  128  11:10  Templar Archives  
  131  11:12  Gateway  
  131  11:13  Gateway  
  131  11:25  Stalker  
  131  11:26  Stalker x5  
  111  11:49  Zealot x5  
  115  11:54  Forge  
  115  11:56  Forge  
  115  11:57  Protoss Ground Armor Level 1 (Chrono Boost)  
  115  12:03  Probe x3  
  118  12:12  Nexus  
  118  12:14  High Templar x3  
  118  12:15  Probe x3  
  127  12:26  High Templar x4  
  127  12:28  Protoss Ground Weapons Level 2 (Chrono Boost)  
  135  12:37  Pylon  
  135  12:38  Psionic Storm  
  135  12:41  Pylon, Archon x2  
  135  12:42  Archon  
  135  12:43  High Templar  
  137  12:47  Archon  
  137  12:50  Stalker x2  
  125  12:59  Zealot x4  
  101  13:23  Stalker x5  
  101  13:24  Stalker, Zealot  
  109  13:33  Probe  
  109  13:34  Probe x3  
  113  13:36  Disruptor  
  113  13:37  Observer  
  113  13:40  Observer  
  116  13:43  Assimilator  
  116  13:45  Assimilator  
  116  13:46  Probe x3  
  116  13:47  Gateway  
  119  13:48  Gateway  
  119  13:51  Gateway  
  119  13:53  High Templar x2  
  119  13:54  High Templar x5  
  133  14:12  Photon Cannon  
  133  14:16  Photon Cannon  
  127  14:25  Zealot x4, Nexus  
  127  14:26  Zealot  
  127  14:27  Pylon  
  137  14:34  Dark Shrine, Pylon  
  137  14:52  Stalker x3  
  133  14:53  Stalker x4  
  141  15:03  Archon  
  141  15:04  Archon  
Tags
 
Add a new tag
Caveats
  • Supply blocks, unpowered buildings, or Contaminate may cause inaccurate times.
  • Supply counts are checked every 10 seconds.